Map: Frozen Temple

Players

capac

  • Race: Terran Terran
  • League: Gold

Wander - Winner!

  • Race: Protoss Protoss
  • League: Gold

VOD

Have the link to the VOD?

Description

Time

  • Played on: April 11, 2016, 2:39 p.m.
  • Length: 14:17
Show
View Real Time Build Order
Export as new Build Order

capac Terran 

Build Orders: Reaper Expand, MMM Bio 

Get SALT Encoding   

  12  0:00  SCV  
  13  0:13  SCV  
  14  0:19  Supply Depot  
  14  0:25  SCV  
  15  0:40  SCV  
  15  0:42  Barracks  
  16  0:45  Refinery  
  16  0:53  SCV  
  17  1:06  SCV  
  18  1:18  SCV  
  19  1:31  Reaper  
  20  1:36  Orbital Command  
  20  1:45  Command Center  
  20  2:02  Supply Depot  
  20  2:04  Marine  
  21  2:12  Factory  
  21  2:15  SCV  
  22  2:35  Bunker, Barracks Reactor  
  22  2:38  SCV  
  23  2:50  SCV  
  24  2:56  Refinery  
  24  3:01  Starport  
  24  3:02  SCV  
  25  3:05  Orbital Command  
  25  3:14  Marine x2, SCV  
  25  3:18  Factory Tech Lab  
  28  3:26  SCV  
  29  3:38  Marine x2  
  29  3:39  SCV x2  
  33  3:42  Medivac  
  33  3:45  Barracks  
  35  3:51  SCV  
  35  3:53  Engineering Bay  
  36  4:00  Marine x2  
  37  4:04  Siege Tank  
  37  4:08  SCV x2  
  42  4:31  SCV x2  
  43  4:42  Supply Depot  
  43  4:43  SCV x2  
  45  4:46  Marine x2  
  45  4:47  Barracks Tech Lab  
  45  4:49  Barracks  
  46  5:04  Supply Depot, Siege Tank, SCV x2, Medivac  
  53  5:09  Stimpack  
  53  5:16  SCV  
  54  5:25  Supply Depot  
  54  5:26  SCV  
  55  5:36  Barracks x2  
  55  5:38  Starport Reactor  
  55  5:39  Marine x2  
  55  5:40  Marine  
  58  5:53  Marine  
  59  5:57  Marine  
  59  5:59  Supply Depot  
  59  6:01  Missile Turret  
  59  6:02  SCV x2  
  62  6:04  Marine  
  62  6:06  Terran Infantry Weapons Level 1  
  63  6:12  Barracks Reactor  
  63  6:15  SCV x2  
  63  6:17  Marine  
  67  6:20  Marauder  
  67  6:22  Medivac x2  
  72  6:26  Supply Depot  
  72  6:29  Supply Depot  
  72  6:31  SCV x2  
  72  6:32  Command Center  
  66  7:09  Marine x3  
  66  7:11  Barracks Tech Lab, Barracks Reactor  
  66  7:12  Combat Shields  
  69  7:19  Armory  
  69  7:37  Refinery x2  
  69  7:38  SCV x2  
  71  7:44  Supply Depot  
  71  7:53  Engineering Bay  
  71  7:55  Supply Depot  
  71  8:02  Marine x5  
  71  8:03  Marauder  
  71  8:04  Marauder, Marine  
  81  8:11  Terran Ship Weapons Level 1  
  81  8:15  Starport  
  81  8:31  Marauder x2  
  81  8:32  Marine x6  
  91  8:34  Concussive Shells  
  91  8:36  Terran Infantry Armor Level 1  
  94  8:48  Siege Tank  
  94  9:05  Orbital Command  
  94  9:08  Missile Turret  
  94  9:12  SCV x2  
  94  9:15  Marine x4  
  94  9:16  Marine x2  
  105  9:18  Marauder x2, Liberator  
  105  9:19  Starport Reactor  
  105  9:22  Starport  
  106  9:27  Refinery  
  106  9:28  Refinery  
  106  9:31  Supply Depot, Terran Infantry Weapons Level 2  
  106  9:33  Marine x2  
  104  10:01  SCV x2  
  104  10:17  Marine x3  
  104  10:18  Marine x3  
  104  10:19  Marauder x2  
  113  10:28  Starport Tech Lab  
  113  10:31  Terran Ship Weapons Level 2  
  113  10:33  Terran Infantry Armor Level 2  
  113  10:40  Marauder, Liberator x3  
  115  10:47  Supply Depot, SCV x3  
  127  11:09  Medivac  
  127  11:10  Medivac  
  131  11:12  Marine x5  
  131  11:13  Marine  
  131  11:14  Marauder x2  
  114  12:47  Liberator x2  
  114  12:48  Liberator x2  
  66  13:00  Marine x6  
  66  13:01  Marauder x2  
  66  13:02  Siege Tank  
  81  13:11  Liberator  
  73  13:29  Marine x4  
  73  13:30  Marauder, Marine x2  
  80  13:40  Marine  
  81  13:47  Marine x3  
  96  13:52  Marauder  
Show
View Real Time Build Order
Export as new Build Order

Wander Protoss - Winner!

Build Orders: Zealot Archon 

Get SALT Encoding   

  12  0:01  Probe (Chrono Boost)  
  13  0:11  Probe (Chrono Boost)  
  14  0:23  Pylon  
  14  0:26  Probe (Chrono Boost)  
  15  0:41  Probe (Chrono Boost)  
  15  0:42  Gateway  
  16  0:50  Assimilator  
  16  0:51  Probe (Chrono Boost)  
  17  1:00  Assimilator  
  17  1:02  Probe (Chrono Boost)  
  18  1:12  Probe (Chrono Boost)  
  18  1:16  Pylon  
  19  1:23  Probe (Chrono Boost)  
  20  1:29  Cybernetics Core  
  20  1:34  Probe (Chrono Boost)  
  21  2:02  Nexus  
  21  2:07  Probe (Chrono Boost)  
  22  2:10  Warp Gate  
  21  2:17  Probe (Chrono Boost)  
  21  2:21  Adept  
  24  2:28  Probe (Chrono Boost)  
  25  2:39  Mothership Core (Chrono Boost)  
  27  2:57  Probe (Chrono Boost)  
  28  3:07  Gateway  
  28  3:12  Probe (Chrono Boost)  
  29  3:14  Pylon, Adept  
  31  3:23  Probe (Chrono Boost)  
  31  3:26  Robotics Facility  
  32  3:36  Pylon  
  32  3:37  Probe (Chrono Boost)  
  32  3:39  Probe (Chrono Boost)  
  34  4:00  Probe (Chrono Boost)  
  34  4:01  Probe (Chrono Boost)  
  36  4:11  Probe x2 (Chrono Boost), Twilight Council  
  36  4:13  Gateway  
  38  4:22  Probe x2 (Chrono Boost)  
  40  4:35  Probe x2 (Chrono Boost)  
  40  4:38  Pylon  
  40  4:41  Assimilator  
  40  4:43  Observer (Chrono Boost), Assimilator  
  40  4:44  Probe (Chrono Boost)  
  40  4:45  Probe (Chrono Boost)  
  43  4:50  Gateway  
  43  4:54  Probe  
  43  4:57  Probe  
  45  5:00  Forge x2  
  45  5:02  Observer (Chrono Boost)  
  45  5:05  Probe  
  47  5:09  Charge (Chrono Boost)  
  47  5:14  Stalker x2  
  51  5:22  Pylon  
  51  5:26  Probe  
  51  5:28  Probe  
  53  5:33  Stalker  
  55  5:36  Protoss Ground Weapons Level 1, Protoss Ground Armor Level 1  
  55  5:40  Probe  
  55  5:42  Photon Cannon  
  56  5:48  Photon Cannon  
  56  5:49  Probe  
  56  5:52  Probe  
  58  6:00  Immortal  
  62  6:13  Templar Archives  
  62  6:23  Photon Cannon  
  62  6:25  Photon Cannon  
  61  6:39  Immortal  
  65  6:50  Zealot x2  
  65  6:51  Nexus  
  69  6:54  Zealot  
  69  6:55  Pylon  
  69  6:59  Probe, Pylon  
  69  7:01  Probe  
  69  7:13  Probe, Stalker x2  
  69  7:14  Stalker  
  76  7:16  Probe  
  77  7:25  Probe  
  77  7:26  Probe  
  77  7:27  Photon Cannon  
  79  7:30  Photon Cannon  
  79  7:37  Probe, High Templar x2  
  81  7:38  High Templar x2  
  81  7:41  Archon  
  81  7:42  Archon  
  88  7:48  Protoss Ground Weapons Level 2  
  88  7:49  Protoss Ground Armor Level 2  
  88  7:50  Probe  
  88  7:51  Probe  
  90  8:00  Probe  
  90  8:03  Probe  
  90  8:04  Warp Prism  
  94  8:08  Probe  
  94  8:11  Probe  
  96  8:15  Probe  
  97  8:31  High Templar x2  
  97  8:32  High Templar x2  
  105  8:41  Archon x2, Immortal, Gateway  
  109  8:42  Gateway  
  109  8:43  Gateway  
  109  8:47  Assimilator  
  109  8:50  Assimilator  
  109  8:51  Pylon  
  109  8:55  Gateway  
  109  8:56  Gateway  
  109  8:57  Gateway  
  109  9:00  Pylon  
  109  9:03  Pylon  
  109  9:06  Pylon  
  109  9:07  Pylon  
  109  9:08  Photon Cannon  
  109  9:12  Probe x2, Photon Cannon  
  109  9:13  Probe  
  109  9:14  Pylon  
  112  9:21  Adept  
  112  9:22  Probe, Pylon, Adept  
  112  9:23  Adept  
  118  9:25  Probe  
  118  9:26  Adept  
  122  9:38  Probe  
  122  9:39  Probe  
  122  9:40  Probe  
  125  9:52  Probe  
  120  10:05  Probe  
  120  10:06  Probe, Resonating Glaives (Chrono Boost)  
  122  10:15  High Templar x4, Nexus  
  122  10:16  High Templar x2  
  122  10:17  Zealot, Pylon  
  122  10:19  Archon x2, Pylon  
  122  10:20  Archon  
  134  10:23  Pylon  
  134  10:26  Assimilator  
  134  10:29  Assimilator  
  134  10:38  Protoss Ground Armor Level 3 (Chrono Boost)  
  134  10:39  Protoss Ground Weapons Level 3 (Chrono Boost)  
  134  10:52  Pylon  
  134  10:59  Adept x2  
  134  11:00  Adept x2  
  142  11:10  Gateway  
  140  11:54  High Templar x4  
  142  11:55  High Templar x3  
  142  11:56  High Templar x2  
  142  11:57  High Templar  
  142  11:58  Archon  
  142  11:59  Archon x2  
  142  12:00  Archon  
  154  12:05  Photon Cannon  
  154  12:20  Zealot  
  152  12:31  Zealot x2  
  152  12:32  Zealot x6  
  134  12:59  Archon  
  134  13:06  Zealot x3  
  134  13:07  Zealot x5  
  134  13:08  Zealot x3  
  154  13:32  Warp Prism  
  156  13:35  High Templar x2  
  156  13:36  High Templar x3  
  156  13:37  High Templar x2  
  156  13:38  High Templar x2  
  156  13:39  High Templar  
  156  13:40  Zealot  
  156  13:41  Archon x3  
  178  13:42  Archon x2  
Tags
 
Add a new tag
Caveats
  • Supply blocks, unpowered buildings, or Contaminate may cause inaccurate times.
  • Supply counts are checked every 10 seconds.